 Dungeon Crawl Stone Soup version 0.18-a0-1396-g8753ca6 (webtiles) character file.

4309 Kidiri the Thaumaturge (level 10, -3/50 HPs)
             Began as a Deep Elf Fire Elementalist on Feb 23, 2016.
             Was a Follower of Vehumet.
             Killed from afar by Erica (14 damage)
             ... with a bolt of poison
             ... on level 8 of the Dungeon.
             The game lasted 00:33:28 (11817 turns).

Kidiri the Thaumaturge (DEFE)                      Turns: 11817, Time: 00:33:28

Health: -3/50      AC:  7    Str:  5    XL:     10   Next: 11%
Magic:  23/44      EV: 18    Int: 24    God:    Vehumet [*.....]
Gold:   479        SH:  0    Dex: 20    Spells: 7 memorised, 11 levels left

rFire  . . .     SeeInvis .     g - +0 short sword
rCold  + + .     Gourm    .     a - +0 robe
rNeg   . . .     Faith    .     (no shield)
rPois  .         Spirit   .     (no helmet)
rElec  +         Dismiss  .     u - +0 cloak of Konuafayfo {rElec MP+9 Dex+5 Stlth-}
rCorr  .         Reflect  .     r - +1 pair of gloves
SustAt .         Harm     .     (no boots)
MR     +....                    (no amulet)
Stlth  +++.......               A - +3 ring of protection
                                k - ring of magical power

@: lethally poisoned (-3 -> -21), somewhat resistant to hostile enchantments,
fairly stealthy
A: talons 1, cold resistance 2, deformed body, mutation resistance 1, sense
surroundings 1, electricity resistance
a: Renounce Religion


You were on level 8 of the Dungeon.
You worshipped Vehumet.
Vehumet was aware of your devotion.
You were hungry.

You visited 2 branches of the dungeon, and saw 9 of its levels.
You also visited: Sewer.

You collected 479 gold pieces.

Inventory:

Hand Weapons
 g - a +0 short sword (weapon)
Armour
 a - a +0 robe (worn)
 i - a +0 cloak
 r - a +1 pair of gloves (worn)
 u - the +0 cloak of Konuafayfo (worn) {rElec MP+9 Dex+5 Stlth-}
   (You found it on level 6 of the Dungeon)

   It affects your dexterity (+5).
   It insulates you from electricity.
   It affects your magic capacity (+9).
   It makes you less stealthy.
Jewellery
 k - a ring of magical power (left hand)
 l - an uncursed ring of sustain attributes
 A - a +3 ring of protection (right hand)
Wands
 f - a wand of iceblast (10/15)
 n - a wand of digging (22/24)
 v - a wand of confusion (17/48)
 B - a wand of flame (23/48)
 C - a wand of polymorph (9/24)
Scrolls
 b - a scroll of fog
 c - a scroll of brand weapon {unknown}
 e - 5 scrolls of remove curse
 t - a scroll of immolation {unknown}
 w - a scroll of blinking {unknown}
 x - a scroll of vulnerability {unknown}
 y - a scroll of torment {unknown}
 z - a scroll of amnesia
Potions
 h - a potion of resistance
 j - 2 potions of heal wounds
 m - a potion of mutation
 o - 6 potions of flight
 p - 2 potions of might
 q - 2 potions of curing
 s - a potion of berserk rage
Comestibles
 d - 6 meat rations


   Skills:
 + Level 7.0 Dodging
 + Level 7.4 Stealth
 * Level 10.7 Spellcasting
 + Level 5.7 Conjurations
 + Level 6.1 Hexes
 + Level 6.9 Fire Magic
 + Level 1.6 Poison Magic
 + Level 2.9 Evocations


You had 11 spell levels left.
You knew the following spells:

 Your Spells              Type           Power        Failure   Level  Hunger
a - Flame Tongue          Conj/Fire      #####        1%          1    None
b - Throw Flame           Conj/Fire      #####.       1%          2    None
c - Conjure Flame         Conj/Fire      #####...     1%          3    None
d - Inner Flame           Hex/Fire       #####...     1%          3    None
e - Sticky Flame          Conj/Fire      #####...     3%          4    None
f - Fireball              Conj/Fire      #####.....   12%         5    ####...
g - Sting                 Conj/Pois      ####         1%          1    None


Dungeon Overview and Level Annotations

Branches:
Dungeon (8/15)             Temple (1/1) D:6
   Lair: D:8-11

Altars:
Ashenzari
Cheibriados
Dithmenos
Elyvilon
Fedhas
Gozag
Kikubaaqudgha
Makhleb
Nemelex Xobeh
Okawaru
Pakellas
Qazlal
Sif Muna
Trog
Vehumet
Xom
Yredelemnul
Zin
The Shining One

Annotations:
D:8 Erica


Innate Abilities, Weirdness & Mutations

You have sharp toenails.
Your flesh is very cold resistant.
Armour fits poorly on your strangely shaped body.
You are somewhat resistant to further mutation.
You passively map a small area around you.
You are resistant to electric shocks.


Message History

Erica is almost dead.
The fireball engulfs the elephant.
The elephant is moderately wounded.
The fireball engulfs the hound.
The hound is heavily wounded.
You feel sick.
You feel sick.
Casting: Fireball
Confirm with . or Enter, or press ? or * to list all spells.
Aiming: Inner Flame
Press: ? - help, Shift-Dir - straight line, f/p - Erica
Aim: Erica, wielding a scimitar of flaming and wearing a robe (almost dead, unusually strong, chance to defeat MR: 67%)
Okay, then.
You feel sick.
You feel sick.
You feel sick.
Erica points at you and mumbles some strange words.
The bolt of poison hits you!
You are lethally poisoned!
You die...

............#.#..#.####
#.##...............#.#..#....#
#.##...............#.#<.##.#.#
*#.##...............#.#.....#.#
#.##.................##....#.#
##.##.[.......$........##.....#
.......................'..#####
.............h.........####
...........Y@...@.........#
........#####..........##.#
........# #...#####+###.#
........# #...# ,* #.#####
#..##.#######...# * #.....#
#..##.......#...# * #####.#
#..#...####+###.. * #.#
#.>............... * #.#
####...##........, #.#


You could see an elephant, Erica and a hound.

Vanquished Creatures
  The ghost of Azzok the Covert, a novice SpEn (D:5)
  Sigmund (D:3)
  2 hungry ghosts (D:8)
  2 hippogriffs
  Edmund (D:5)
  A water moccasin (D:8)
  An orc warrior (D:6)
  An ice beast (D:7)
  2 black bears
  2 sky beasts (D:6)
  A wasp (D:8)
  3 phantoms
  4 ogres
  The ghost of Amnesiac the Changer, an amateur DrTm (D:3)
  3 centaurs
  2 crocodiles (D:8)
  A big kobold (Sewer)
  2 giant frogs
  A howler monkey (D:8)
  A water moccasin zombie (D:8)
  A scorpion (D:6)
  4 wights (D:6)
  4 hounds
  2 jellies
  2 orc priests
  A giant frog skeleton (D:7)
  Crazy Yiuf (D:5)
  Jessica (D:3)
  Ijyb (D:1)
  4 iguanas
  5 worker ants
  A hound zombie (D:6)
  3 hound skeletons
  A howler monkey zombie (D:5)
  Robin (D:3)
  16 adders
  3 river rats
  2 shadow imps
  An adder skeleton (D:6)
  A worm (D:2)
  A dart slug (D:3)
  4 giant geckos
  26 orcs
  6 bats
  10 giant cockroaches
  15 goblins
  11 hobgoblins
  6 jackals
  15 kobolds
  A quokka (D:5)
  7 ball pythons
  A giant gecko skeleton (D:7)
  3 giant newts (D:2)
  9 rats
203 creatures vanquished.

Vanquished Creatures (others)
  A fungus (D:3)
1 creature vanquished.

Grand Total: 204 creatures vanquished

Notes
Turn   | Place    | Note
--------------------------------------------------------------
     0 | D:1      | Kidiri the Deep Elf Fire Elementalist began the quest for the Orb.
     0 | D:1      | Reached XP level 1. HP: 10/10 MP: 6/6
   352 | D:1      | Reached XP level 2. HP: 15/15 MP: 5/8
   356 | D:1      | Learned a level 2 spell: Throw Flame
  1287 | D:2      | Noticed Ijyb
  1453 | D:1      | Killed Ijyb
  1453 | D:1      | Reached skill level 4 in Spellcasting
  1453 | D:1      | Reached XP level 3. HP: 5/19 MP: 0/10
  1681 | D:1      | Learned a level 3 spell: Conjure Flame
  1685 | D:1      | Learned a level 3 spell: Inner Flame
  2018 | D:2      | Reached XP level 4. HP: 8/24 MP: 11/12
  2564 | D:2      | Found a glowing golden altar of the Shining One.
  2825 | D:3      | Noticed Jessica
  2846 | D:3      | Killed Jessica
  2846 | D:3      | Reached skill level 5 in Spellcasting
  2846 | D:3      | Reached XP level 5. HP: 16/28 MP: 14/14
  3009 | D:3      | Learned a level 4 spell: Sticky Flame
  3059 | D:3      | Noticed Amnesiac's ghost (amateur DrTm)
  3076 | D:3      | Killed Amnesiac's ghost
  3076 | D:3      | Reached skill level 1 in Hexes
  3211 | D:3      | Noticed Sigmund
  3706 | D:3      | Reached XP level 6. HP: 26/32 MP: 11/16
  3835 | D:3      | Killed Sigmund
  3835 | D:3      | Reached skill level 6 in Spellcasting
  4385 | D:3      | Noticed a hippogriff
  4386 | D:3      | Noticed Robin
  4397 | D:3      | Killed Robin
  4442 | D:3      | Found a blossoming altar of Fedhas.
  4464 | D:3      | Killed a hippogriff
  4464 | D:3      | Reached XP level 7. HP: 13/36 MP: 4/18
  4662 | D:3      | Learned a level 5 spell: Fireball
  5075 | D:4      | Found a glowing drain.
  5096 | Sewer    | Entered a sewer
  5098 | Sewer    | Reached skill level 7 in Spellcasting
  5297 | Sewer    | Reached skill level 5 in Stealth
  5394 | Sewer    | Found a glowing silver altar of Zin.
  6017 | D:4      | Reached skill level 5 in Fire Magic
  6162 | D:4      | Reached XP level 8. HP: 18/41 MP: 11/21
  6575 | D:5      | Entered Level 5 of the Dungeon
  6680 | D:5      | You fall through a shaft for 2 floors!
  6689 | D:7      | Reached skill level 5 in Dodging
  6957 | D:6      | Reached skill level 8 in Spellcasting
  7501 | D:5      | Noticed Azzok's ghost (novice SpEn)
  7822 | D:5      | Noticed Crazy Yiuf
  7828 | D:5      | Killed Crazy Yiuf
  8032 | D:5      | Noticed Edmund
  8042 | D:5      | Killed Edmund
  8042 | D:5      | Reached skill level 9 in Spellcasting
  9061 | D:5      | Killed Azzok's ghost
  9061 | D:5      | Reached skill level 5 in Conjurations
  9061 | D:5      | Reached XP level 9. HP: 41/45 MP: 13/24
  9311 | D:6      | Reached skill level 5 in Hexes
  9344 | D:5      | Gained mutation: You passively map a small area around you. [mutagenic meat]
  9345 | D:5      | Gained mutation: You have sharp toenails. [mutagenic meat]
  9346 | D:5      | Gained mutation: Your flesh is cold resistant. [mutagenic meat]
  9347 | D:5      | Gained mutation: Your flesh is very cold resistant. [mutagenic meat]
  9923 | D:6      | Found a staircase to the Ecumenical Temple.
  9932 | Temple   | Entered the Ecumenical Temple
 10027 | Temple   | Became a worshipper of Vehumet
 10216 | D:6      | Got a slimy cloak
 10227 | D:6      | Identified the +0 cloak of Konuafayfo {rElec MP+9 Dex+5 Stlth-} (You found it on level 6 of the Dungeon)
 10449 | D:7      | Reached skill level 10 in Spellcasting
 10464 | D:6      | Reached skill level 1 in Evocations
 11389 | D:6      | Gained mutation: Armour fits poorly on your strangely shaped body. [mutagenic meat]
 11392 | D:6      | Gained mutation: You are somewhat resistant to further mutation. [mutagenic meat]
 11393 | D:6      | Gained mutation: You are resistant to electric shocks. [mutagenic meat]
 11502 | D:8      | Reached * piety under Vehumet
 11502 | D:8      | Offered knowledge of Sting by Vehumet.
 11505 | D:8      | Learned a level 1 spell: Sting
 11636 | D:8      | Reached XP level 10. HP: 38/50 MP: 26/26
 11773 | D:8      | Reached skill level 1 in Poison Magic
 11794 | D:8      | Noticed Erica
 11796 | D:8      | Noticed an elephant
 11817 | D:8      | Killed from afar by Erica

Vault maps used:
D:1:      dpeg_arrival_refuge
D:2:      nicolae_tso_swordbearing_angel, uniq_iyjb
D:3:      fedhas_altar_3, first_bread, uniq_robin, uniq_jessica, uniq_sigmund
D:4:      portal_sewer_entry_e
D:5:      uniq_crazy_yiuf_cottage, uniq_edmund
D:6:      lemuel_temple_firewalk_marked
D:7:      serial_bayou_crossing
D:8:      david_lair_generic, uniq_joseph, uniq_psyche, uniq_erica
Temple:   kilobyte_greek_temple_18
Sewer:    sewer_kobolds

Skill      XL: |  1  2  3  4  5  6  7  8  9 10 |
---------------+-------------------------------+-----
Spellcasting   | 4 5 6 7 9 10 | 10.7
Conjurations   | 2 3 5 |  5.7
Dodging        | 3 4 6 7 |  7.0
Stealth        | 3 4 5 6 7 |  7.4
Hexes          | 1 2 3 4 6 |  6.1
Fire Magic     | 4 5 6 |  6.9
Evocations     | 2 |  2.9
Poison Magic   | 1 |  1.6

Action                   |  1- 3 |  4- 6 |  7- 9 | 10-12 || total
-------------------------+-------+-------+-------+-------++-------
Melee: Short sword       |    14 |     2 |   301 |       ||   317
       Mace              |     1 |       |       |       ||     1
       Dagger            |     1 |       |       |       ||     1
 Cast: Flame Tongue      |    61 |    67 |   141 |    11 ||   280
       Throw Flame       |    15 |    49 |    98 |     7 ||   169
       Sticky Flame      |       |     4 |    21 |     3 ||    28
       Inner Flame       |       |     2 |     3 |       ||     5
       Conjure Flame     |       |       |     4 |       ||     4
       Fireball          |       |       |     6 |     1 ||     7
  Use: Scroll            |       |       |    14 |       ||    14
       Potion            |       |       |     1 |       ||     1
 Stab: Sleeping          |     1 |     1 |     2 |       ||     4
  Eat: Chunk             |     2 |     1 |    19 |       ||    22
       Royal jelly       |     1 |       |     1 |       ||     2
       Pizza             |     1 |       |       |       ||     1
       Beef jerky        |     1 |       |       |       ||     1
       Bread ration      |       |     1 |     3 |       ||     4
       Fruit             |       |       |     4 |       ||     4
